 Dungeon Crawl Stone Soup version 0.30-a0-422-g946f4849ff (webtiles) character file.

Game seed: 326912234614787230

899 McMuffin the Ruffian (level 7, -1/68 HPs)
             Began as a Troll Berserker on Dec 8, 2022.
             Was a Priest of Trog.
             Slain by an orc warrior
             ... wielding a +0 long sword
              (16 damage)
             ... on level 6 of the Dungeon.
             The game lasted 00:15:28 (2329 turns).

McMuffin the Ruffian (Troll Berserker)              Turns: 2329, Time: 00:15:58

Health: -1/68      AC:  5    Str: 26    XL:     7   Next: 79%
Magic:  6/6        EV: 10    Int:  3    God:    Trog [***...]
Gold:   263        SH:  5    Dex: 11    Spells: 6/6 levels left

rFire   . . .      SeeInvis .      - Unarmed
rCold   . . .      Faith    .    (no shield)
rNeg    . . .      Spirit   .    a - +0 animal skin
rPois   .          Reflect  +    (helmet restricted)
rElec   .          Harm     .    n - +0 cloak
rCorr   .          Rampage  .    (gloves unavailable)
Will    .....                    (boots unavailable)
Stlth   +.........               d - amulet of reflection
HPRegen 1.11/turn                (no ring)
MPRegen 0.10/turn                (no ring)

@: no status effects
A: large, unfitting armour, claws 3, regeneration 1, shaggy fur 1, tough skin 1
a: Renounce Religion, Berserk, Trog's Hand


You were on level 6 of the Dungeon.
You worshipped Trog.
Trog was most pleased with you.
You visited 1 branch of the dungeon, and saw 6 of its levels.

You collected 263 gold pieces.

Inventory:

Missiles
 b - 4 datura-tipped darts (quivered)
Armour
 a - a +0 animal skin (worn)
 l - a +0 robe
 n - a +0 cloak (worn)
Jewellery
 d - an amulet of reflection (around neck)
 h - an amulet of regeneration
Scrolls
 e - a scroll of immolation {unknown}
 f - a scroll of blinking {unknown}
 j - a scroll of torment {unknown}
 p - a scroll of vulnerability {unknown}
 q - a scroll of fog {unknown}
 s - a scroll of enchant weapon {unknown}
 t - a scroll of identify {unknown}
Potions
 c - a potion of flight {unknown}
 g - a potion of ambrosia {unknown}
 i - a potion of mutation {unknown}
 k - 3 potions of curing {unknown}
 m - a potion of degeneration {unknown}
 o - a potion of brilliance {unknown}
 r - a potion of might {unknown}


   Skills:
 + Level 3.7 Fighting
 + Level 4.0 Dodging
 + Level 1.1 Stealth
 + Level 2.1 Shields
 + Level 7.0 Unarmed Combat


You had 6 spell levels left.
You didn't know any spells.
Your spell library was empty.

Dungeon Overview and Level Annotations

Branches:
Dungeon (5/15)             Temple (0/1) D:5

Altars:
Makhleb
Uskayaw
Wu Jian
Xom

Shops:
D:4 :*


Innate Abilities, Weirdness & Mutations

You are too large for most types of armour.
You have claws for hands.
Your natural rate of healing is unusually fast.
You are covered in fur. (AC +1)
You have tough skin. (AC +1)


Message History

There is an open door here.
Your skin crawls.
You feel strong-willed. The adder barely misses you.
You block the white imp's attack.
The white imp lashes its tail.
The adder attacks as you move away! The adder barely misses you.
The adder bites you but does no damage.
You closely miss the adder.
The white imp laughs crazily.
The adder closely misses you.
The orc wizard shouts!
You claw the adder!
You kill the adder!
Trog accepts your kill.
You feel the effects of Trog's Hand fading.
You hear a shout! x2
The orc priest begins to cast a cantrip, but forgets the words!
The white imp spits at you.
The orc wizard shouts!
The orc priest begins to cast a cantrip, but forgets the words!
You scratch the orc priest but do no damage.
The orc priest begins to cast a cantrip, but forgets the words!
You claw the orc priest!
You kill the orc priest!
Trog accepts your kill.
Your Dodging skill increases to level 4!
Your Unarmed Combat skill increases to level 7!
The white imp gestures at you. The puff of frost misses you.
Your skin stops crawling.
You feel less strong-willed.
An orc comes into view.
It is wielding a +2 short sword of electrocution.
The orc warrior hits you with a +0 long sword!
* * * LOW HITPOINT WARNING * * *
You closely miss the orc warrior.
The orc shouts!
The orc wizard casts a spell.
The orc wizard flickers and vanishes!
Deactivating autopickup; reactivate with Ctrl-A.
The orc warrior hits you with a +0 long sword!
You die...

....# .##.# ###.# #.# .#
#.# ..# .# #.#.# #.# .#
#.#.# # #.# #####.# #.#.#
#.#.# #.....# #.#.#
#.#.#####5....###o. ###.#.#
#.#....@o5{........
..#.#.####.....###5o.†.o###
#.#'#........#.#
#o..###...#
#...)#######.#.# #..## ..
#..†.# #.#.# #..# #....#
#.#.. ..o# #.#.##
#.#####.#$ #.#.# #.# #.#$
#.#.########.# ..#!?


You could see an orc warrior, an orc wizard, 3 white imps and an orc.

Vanquished Creatures
  Duvessa (D:4)
  A black bear (D:4)
  A sky beast (D:6)
  2 centaurs
  An ogre (D:4)
  Dowan (D:4)
  An orc priest (D:6)
  A hound (D:6)
  Jessica (D:2)
  An orc wizard (D:5)
  4 gnolls (D:2)
  14 adders
  A shadow imp (D:5)
  A worm (D:2)
  A dart slug (D:3)
  7 orcs
  3 bats (D:2)
  6 endoplasms
  A giant cockroach (D:3)
  5 goblins
  A hobgoblin (D:2)
  3 kobolds
  5 quokkas
  4 ball pythons
  A frilled lizard (D:3)
  5 rats
73 creatures vanquished.

Vanquished Creatures (others)
  4 fungi (D:4)
  3 plants (D:4)
  4 toadstools (D:4)
11 creatures vanquished.

Grand Total: 84 creatures vanquished

Notes
Turn   | Place    | Note
-------+----------+-------------------------------------------
     0 | D:1      | McMuffin the Troll Berserker began the quest for the Orb.
     0 | D:1      | Reached XP level 1. HP: 22/22 MP: 0/0
   229 | D:2      | Reached XP level 2. HP: 29/29 MP: 1/1
   269 | D:2      | Reached XP level 3. HP: 22/36 MP: 2/2
   443 | D:2      | Reached ** piety under Trog
   444 | D:2      | Reached XP level 4. HP: 42/45 MP: 3/3
   693 | D:2      | Noticed Jessica
   706 | D:2      | Killed Jessica
   707 | D:2      | Reached skill level 4 in Unarmed Combat
  1055 | D:3      | Found a hide-covered altar of Uskayaw.
  1295 | D:4      | Found Uroahihi's Book Shoppe.
  1298 | D:4      | Noticed a black bear
  1316 | D:4      | Killed a black bear
  1317 | D:4      | Reached skill level 1 in Shields
  1317 | D:4      | Reached XP level 5. HP: 48/53 MP: 4/4
  1349 | D:4      | Found an ornate altar of the Wu Jian Council.
  1399 | D:4      | Found Wesebliod's Elemental Accessories.
  1442 | D:4      | Noticed an ogre
  1448 | D:4      | Killed an ogre
  1449 | D:4      | Reached skill level 5 in Unarmed Combat
  1449 | D:4      | Reached XP level 6. HP: 38/61 MP: 5/5
  1593 | D:4      | Noticed Duvessa
  1594 | D:4      | Noticed Dowan
  1614 | D:4      | Killed Duvessa
  1629 | D:4      | Killed Dowan
  1630 | D:4      | Reached skill level 6 in Unarmed Combat
  1692 | D:4      | Reached *** piety under Trog
  1850 | D:5      | Entered Level 5 of the Dungeon
  1928 | D:5      | Found a shimmering altar of Xom.
  1980 | D:5      | Reached XP level 7. HP: 54/67 MP: 6/6
  2138 | D:5      | Found a burning altar of Makhleb.
  2189 | D:5      | Found a staircase to the Ecumenical Temple.
  2227 | D:5      | Reached skill level 1 in Stealth
  2234 | D:5      | You fall into a shaft and drop 1 floor!
  2327 | D:6      | Reached skill level 7 in Unarmed Combat
  2329 | D:6      | Slain by an orc warrior

Illustrated notes

Levels and vault maps discovered:
D:1:      matt_arrival_grand_opening, layout_basic, nrook_uturn
D:2:      layout_loops_corners, minmay_heptomino_w4, uniq_jessica
D:3:      layout_basic, mainiacjoe_overflow_paths
D:4:      layout_rooms, mainiacjoe_overflow_brackets, trog_book, serial_shops,
          nicolae_take_the_stairs, nicolae_elemental_shop,
          minmay_gold_behind_fungi, guppyfry_early_lair_pool, uniq_duvessa
D:5:      layout_loops_ring, nicolae_qazlal_style_of_elements,
          mainiacjoe_overflow_six_doors_small, lightli_temple_of_fire,
          nicolae_tso_carved_into_rock, minmay_temple_entry_junction
D:6:      layout_basic, mainiacjoe_overflow_catwalk, amcnicky_altar_gilded,
          mainiacjoe_overflow_small_starburst, serial_shops,
          kennysheep_mini_moat, portal_sewer_entry_e, st_stairs_3,
          minmay_misc_feat_tiny, minmay_alternating_orb, uniq_sigmund

Skill      XL: |  1  2  3  4  5  6  7 |
---------------+----------------------+-----
Fighting       | 3 |  3.7
Dodging        | 3 4 |  4.0
Unarmed Combat | 4 5 6 7 |  7.0
Shields        | 1 2 |  2.1
Stealth        | 1 |  1.1

Action                   |  1- 3 |  4- 6 |  7- 9 || total
-------------------------+-------+-------+-------++-------
Melee: Unarmed           |    66 |   145 |    41 ||   252
       Punch             |       |     5 |       ||     5
Invok: Trog's Hand       |       |       |     1 ||     1
Armor: Animal skin       |    16 |    39 |    18 ||    73
Dodge: Dodged            |    20 |    58 |    44 ||   122
Block: Other             |    14 |    20 |    13 ||    47

Table legend: (Time is in decaauts)
 A = Elapsed time spent in this place.
 B = Non-inter-level travel time spent in this place.
 C = Inter-level travel time spent in this place.
 D = Time resting spent in this place.
 E = Time spent auto-exploring this place.
 F = Levels seen in this place.
 G = Mean time per level.
                   A        B        C        D        E       F      G
               +--------+--------+--------+--------+--------+-----+--------+
         Total |   2305 |   2294 |     11 |      0 |      0 |   6 |  384.2 |
       Dungeon |   2305 |   2294 |     11 |      0 |      0 |   6 |  384.2 |
               +--------+--------+--------+--------+--------+-----+--------+

Top non-repeatable levels by time:
     D:2: 698 daAuts
     D:4: 554 daAuts
     D:3: 432 daAuts
     D:5: 381 daAuts
     D:1: 148 daAuts
     D:6: 91 daAuts
